 Dungeon Crawl Stone Soup version 0.23.2-40-g277498a001 (webtiles) character file.

Game seed: 10670172421891172061

261 Curus the Chopper (level 5, -5/67 HPs)
             Began as a Minotaur Fighter on Oct 11, 2019.
             Was an Initiate of Okawaru.
             Killed from afar by Dowan (14 damage)
             ... with a stone arrow
             ... on level 3 of the Dungeon.
             The game lasted 00:08:06 (2067 turns).

Curus the Chopper (Minotaur Fighter)                Turns: 2067, Time: 00:08:07

Health: -5/67      AC:  6    Str: 25    XL:     5   Next: 96%
Magic:  4/4        EV:  7    Int:  6    God:    Okawaru [......]
Gold:   83         SH:  9    Dex: 10    Spells: 4/4 levels left

rFire    + . .     SeeInvis .   a - +0 war axe
rCold    . . .     Gourm    .   c - +0 shield
rNeg     . . .     Faith    .   b - +0 scale mail
rPois    .         Spirit   .   (helmet restricted)
rElec    .         Reflect  .   (no cloak)
rCorr    +         Harm     .   (no gloves)
MR       .....                  (no boots)
Stlth    ..........             (no amulet)
HPRegen  0.21/turn              g - ring of protection from fire
MPRegen  0.09/turn              m - ring of resist corrosion

@: berserking, very quick
A: retaliatory headbutt, horns 2
a: Renounce Religion


You were on level 3 of the Dungeon.
You worshipped Okawaru.
Okawaru was noncommittal.
You were very hungry.

You visited 1 branch of the dungeon, and saw 4 of its levels.

You collected 83 gold pieces.

Inventory:

Hand Weapons
 a - a +0 war axe (weapon)
Armour
 b - a +0 scale mail (worn)
 c - a +0 shield (worn)
Jewellery
 g - a ring of protection from fire (left hand)
 l - a +5 ring of protection
 m - a ring of resist corrosion (right hand)
Scrolls
 i - 5 scrolls of identify
Potions
 d - a potion of might
 e - a potion of brilliance
 h - a potion of degeneration
 k - 2 potions of curing
Comestibles
 f - 2 rations


   Skills:
 - Level 3.6 Fighting
 + Level 7.6 Axes
 - Level 3.6 Armour
 - Level 3.6 Shields


You had 4 spell levels left.
You didn't know any spells.
Your spell library was empty.

Dungeon Overview and Level Annotations

Branches:
Dungeon (4/15)
 Temple: D:4-7

Altars:
Okawaru
Sif Muna
Uskayaw

Annotations:
D:3 Dowan


Innate Abilities, Weirdness & Mutations

You reflexively headbutt those who attack you in melee.
You have a pair of horns on your head.


Message History

* * * LOW HITPOINT WARNING * * *
Dowan hits you but does no damage. You block Dowan's attack.
You climb upwards.
There is a stone staircase leading down here.
A red film seems to cover your vision as you go berserk!
You feel yourself moving faster!
You feel mighty! Dowan casts a spell at you. The shard of ice hits you!
* * * LOW HITPOINT WARNING * * *
You block Dowan's attack.
You slash Dowan!
Dowan is moderately wounded.
Dowan barely misses you.
You slash Dowan!
Dowan is almost dead.
Dowan casts a spell.
Dowan blinks!
Dowan gestures at you while chanting. The stone arrow hits you!
You die...

#.....#.# #.# #.#.##.##
########......# #.###......##
#............########.....#......
#.##.##......###...##############
#.##[##.#.......e...##
#....##......#.......#
#..####.######.......# ...####.#
#.......# #.......### ##.@...##
#..##.....# ##>..## ...##.....#
##.## #.###....<# ####.#### .<#
#.....# #.......# ..# #...(.#
#.##.##.# #.# ####### #.##.##.#
#.# #....##.# #.# #..####.#


You could see Dowan.

Vanquished Creatures
  Duvessa (D:4)
  An orc priest (D:2)
  An orc wizard (D:4)
  An adder (D:3)
  3 worms
  4 dart slugs (D:1)
  6 orcs
  2 ball pythons (D:1)
  10 bats
  5 giant cockroaches
  9 goblins
  6 hobgoblins
  7 jackals
  6 kobolds
  A quokka (D:2)
  5 rats
68 creatures vanquished.

Notes
Turn   | Place    | Note
-------+----------+-------------------------------------------
     0 | D:1      | Curus the Minotaur Fighter began the quest for the Orb.
     0 | D:1      | Reached XP level 1. HP: 19/19 MP: 0/0
    11 | D:1      | Reached skill level 3 in Axes
    22 | D:1      | Reached XP level 2. HP: 14/26 MP: 1/1
   114 | D:1      | Reached skill level 4 in Axes
   209 | D:1      | Reached XP level 3. HP: 31/31 MP: 2/2
   586 | D:2      | Reached skill level 5 in Axes
   777 | D:2      | Found a deep blue altar of Sif Muna.
   833 | D:2      | Found an iron altar of Okawaru.
   840 | D:2      | Became a worshipper of Warmaster Okawaru
   939 | D:2      | Reached XP level 4. HP: 39/39 MP: 3/3
  1472 | D:3      | Reached skill level 6 in Axes
  1525 | D:3      | Found a hide-covered altar of Uskayaw.
  2026 | D:4      | Noticed Duvessa
  2029 | D:4      | Noticed Dowan
  2042 | D:4      | Reached XP level 5. HP: 31/45 MP: 4/4
  2058 | D:4      | Killed Duvessa
  2058 | D:4      | Reached skill level 7 in Axes
  2067 | D:3      | Killed from afar by Dowan

Skill      XL: |  1  2  3  4  5 |
---------------+----------------+-----
Axes           | 3 4 5 6 7 |  7.6
Fighting       | |  3.6
Armour         | |  3.6
Shields        | |  3.6

Action                   |  1- 3 |  4- 6 || total
-------------------------+-------+-------++-------
Melee: War axe           |   115 |    73 ||   188
       Headbutt          |    12 |    14 ||    26
  Use: Potion            |     6 |     1 ||     7
       Scroll            |     2 |     1 ||     3
  Eat: Chunk             |       |     3 ||     3
Armor: Scale mail        |    60 |    19 ||    79
Dodge: Dodged            |    58 |    10 ||    68
Block: Shield            |    66 |    26 ||    92
